 Dungeon Crawl Stone Soup version 0.29-a0-676-ga64570c9d2 (webtiles) character file.

Game seed: 10750204176586176077

3200 frimble the Archer (level 9, -1/83 HPs)
             Began as a Minotaur Hunter on June 24, 2022.
             Was a Believer of Okawaru.
             Killed by vampiric draining
             ... invoked by a vampire
              (21 damage)
             ... on level 8 of the Dungeon.
             The game lasted 00:10:55 (7373 turns).

frimble the Archer (Minotaur Hunter)                Turns: 7373, Time: 00:10:56

Health: -1/83      AC:  6    Str: 17    XL:     9   Next: 64%
Magic:  10/11      EV: 19    Int:  8    God:    Okawaru [**....]
Gold:   396        SH:  0    Dex: 16    Spells: 8/8 levels left

rFire   . . .      SeeInvis .   p - +7 great sword
rCold   . . .      Faith    .   (shield currently unavailable)
rNeg    . . .      Spirit   .   z - +2 robe "Gycweotu" {rPois Dex+3}
rPois   +          Reflect  .   (helmet restricted)
rElec   .          Harm     .   (no cloak)
rCorr   .          Rampage  .   s - +1 Delatra's gloves {ID++}
Will    +....                   (no boots)
Stlth   +++.......              (no amulet)
HPRegen 0.23/turn               i - ring of willpower
MPRegen 0.12/turn               (no ring)

@: heroic, flying, hasted, very quick
A: horns 2, retaliatory headbutt, dopey 1, high MP 1
a: Renounce Religion, Heroism


You were on level 8 of the Dungeon.
You worshipped Okawaru.
Okawaru was pleased with you.
You visited 2 branches of the dungeon, and saw 9 of its levels.

You collected 536 gold pieces.
You spent 140 gold pieces at shops.

Inventory:

Hand Weapons
 a - a +2 shortbow
 b - a +1 quick blade
 p - a +7 great sword (weapon)
Armour
 j - a +2 robe of cold resistance
 s - the +1 Delatra's gloves (worn) {ID++}
   (You found it on level 2 of the Dungeon)

   It heals its wearer when they drink unknown potions.
   It restores its wearer's MP when they read unknown scrolls.
 z - the +2 robe "Gycweotu" (worn) {rPois Dex+3}
   (You found it on level 6 of the Dungeon)

   Dex:       It affects your dexterity (+3).
   rPois:     It protects you from poison.
Jewellery
 i - a ring of willpower (left hand)
Wands
 m - a wand of flame (14)
 n - a wand of mindburst (18)
 v - a wand of iceblast (16)
Scrolls
 c - a scroll of immolation
 d - 2 scrolls of fear
 e - 4 scrolls of teleportation
 q - 2 scrolls of enchant armour
 u - 3 scrolls of vulnerability
 y - a scroll of identify
Potions
 f - 2 potions of degeneration
 g - a potion of attraction
 h - 3 potions of mutation
 k - a potion of brilliance
 l - 3 potions of might
 o - a potion of haste
 r - 4 potions of flight
 t - 4 potions of magic {unknown}
 w - a potion of ambrosia
 x - 4 potions of curing
 A - 2 potions of heal wounds


   Skills:
 + Level 9.2(14.2) Fighting
 + Level 2.1(7.5) Short Blades
 + Level 2.1(7.7) Long Blades
 - Level 1.1(6.1) Maces & Flails
 + Level 9.3(14.3) Bows
 + Level 8.4(13.4) Dodging
 - Level 0.9(5.9) Stealth
 + Level 2.6 Invocations


You had 8 spell levels left.
You didn't know any spells.
Your spell library contained the following spells:

 Spells                   Type           Power      Damage    Failure   Level
 Sandblast                Erth           0%         2d4       41%         1
 Passwall                 Tmut/Erth      0%         N/A       54%         2
 Ozocubu's Armour         Ice            0%         N/A       78%         3
 Stone Arrow              Conj/Erth      0%         3d7       78%         3
 Ozocubu's Refrigeration  Ice            0%         4d5       100%        7


Dungeon Overview and Level Annotations

Branches:
Dungeon (8/15)             Temple (1/1) D:6
   Lair: D:8-11

Altars:
Cheibriados
Elyvilon
Gozag
Makhleb
Nemelex Xobeh
Okawaru
Qazlal
Ru
Sif Muna
Vehumet
Xom
Yredelemnul
Zin

Shops:
D:4 *   D:7 *

Annotations:
D:4 3 runed translucent doors, Crazy Yiuf; Newt's ghost, novice DsAK
D:6 1 runed translucent door, Bediveer's ghost, novice PaAK


Innate Abilities, Weirdness & Mutations

You have a pair of horns on your head.
You reflexively headbutt those who attack you in melee.
You are dopey. (Int -2)
You have an increased reservoir of magic. (+10% MP)


Message History

It was a potion of flight.
You feel very buoyant.
You fly up into the air.
The energy of discovery flows from your fingertips!
You feel much better. Something hits you but does no damage.
Something bites you but does no damage.
You miss something. You hit something but do no damage.
You barely miss something. You closely miss something.
Your headbutt misses something. You hit something.
Your headbutt misses something. Something hits you. Something bites you!
Something draws strength from your injuries!
You hit something but do no damage. You hit something but do no damage.
You hit something. You hit something but do no damage.
Your headbutt misses something. You hit something but do no damage.
Something barely misses you. x2
You miss something. You headbutt something. You closely miss something.
Your headbutt misses something. You hit something but do no damage.
You hit something but do no damage. Your headbutt misses something.
Something misses you. Something barely misses you.
You hit something. You hit something but do no damage. You miss something.
You headbutt something! You hit something but do no damage.
Unknown command.
Unknown command.
Unknown command.
p - a +7 great sword (weapon)
Something hits you! Something closely misses you.
You hit something but do no damage. You barely miss something.
Your headbutt misses something. Something barely misses you.
Something bites you but does no damage.
You miss something. Something draws life force from you!
* * * LOW HITPOINT WARNING * * *
You slash something! Your headbutt misses something.
Something draws life force from you!!
You die...

.# ..# .# .## #.# #.
..# #.# .. #.# #.# .#
#.# #.# .# #.#
#.#####.###### ###.#
#.##.@{.......
###.#.###.##.##.#.....
#.#...............###.
#.<.#.##.###.##.###
##.##.##.# #.# .#
#.##.##.# .#. .#
.....##.. # #..#
##.####### ### #.#


There were no monsters in sight!

Vanquished Creatures
  Grinder (D:4)
  Edmund (D:6)
  Duvessa (D:4)
  2 ice beasts (D:5)
  3 sky beasts
  An orc warrior (D:7)
  3 black bears
  An ogre (D:6)
  A phantom (D:6)
  A centaur (D:6)
  3 bullfrogs
  2 gnoll sergeants
  A necrophage (D:7)
  2 scorpions
  Dowan (D:4)
  7 wights
  An electric eel (D:6)
  4 jellies
  8 hounds
  4 iguanas
  An orc wizard (D:7)
  11 adders
  8 gnolls
  3 shadow imps
  2 white imps
  An adder zombie (D:2)
  An adder skeleton (D:2)
  A dart slug (D:3)
  14 orcs
  5 ball pythons
  A bat zombie (D:2)
  5 endoplasms
  2 giant cockroaches
  9 goblins
  9 hobgoblins
  2 jackals (D:2)
  7 kobolds
  A ball python skeleton (D:2)
  2 bats
  10 frilled lizards
  2 rats
145 creatures vanquished.

Vanquished Creatures (others)
  A fungus (D:4)
  6 plants (D:6)
  A withered plant (D:2)
8 creatures vanquished.

Grand Total: 153 creatures vanquished

Notes
Turn   | Place    | Note
-------+----------+-------------------------------------------
     0 | D:1      | frimble the Minotaur Hunter began the quest for the Orb.
     0 | D:1      | Reached XP level 1. HP: 18/18 MP: 0/0
    24 | D:1      | Found a faded altar of an unknown god.
    71 | D:1      | Reached XP level 2. HP: 25/25 MP: 1/1
   496 | D:2      | Reached XP level 3. HP: 19/31 MP: 2/2
  1169 | D:2      | Reached skill level 5 in Bows
  1298 | D:2      | Reached XP level 4. HP: 39/39 MP: 3/3
  1498 | D:2      | Found the +1 Delatra's gloves {ID++}
  1694 | D:3      | Found a basalt altar of Yredelemnul.
  1977 | D:3      | Found a snail-covered altar of Cheibriados.
  2479 | D:4      | Found Fualadiuhy's General Store.
  2487 | D:4      | Noticed a scorpion
  2504 | D:4      | Killed a scorpion
  2505 | D:4      | Reached XP level 5. HP: 47/47 MP: 4/4
  2507 | D:4      | Bought a scroll of teleportation for 30 gold pieces
  2690 | D:4      | Found a runed translucent door.
  2690 | D:4      | Noticed Grinder
  2691 | D:4      | Noticed a black bear
  2696 | D:4      | Killed Grinder
  2697 | D:4      | Reached skill level 5 in Fighting
  2697 | D:4      | Reached XP level 6. HP: 37/56 MP: 5/5
  2708 | D:4      | Reached skill level 5 in Dodging
  2713 | D:4      | Reached XP level 7. HP: 14/61 MP: 6/6
  2955 | D:4      | Noticed Newt's ghost (novice DsAK)
  3241 | D:4      | Found a runed translucent door.
  3342 | D:4      | Found a runed translucent door.
  3343 | D:4      | Noticed Crazy Yiuf
  3374 | D:5      | Entered Level 5 of the Dungeon
  3374 | D:5      | Noticed Duvessa
  3374 | D:5      | Noticed Dowan
  3396 | D:4      | Gained mutation: You are dopey. (Int -2) [potion of
                  | mutation]
  3396 | D:4      | Gained mutation: You have an increased reservoir of magic.
                  | (+10% MP) [potion of mutation]
  3412 | D:4      | Killed Duvessa
  3418 | D:4      | Killed Dowan
  4197 | D:5      | Reached XP level 8. HP: 49/71 MP: 7/7
  4698 | D:6      | Identified the +2 robe "Gycweotu" {rPois Dex+3}
  4731 | D:6      | Found a staircase to the Ecumenical Temple.
  4738 | Temple   | Entered the Ecumenical Temple
  4774 | Temple   | Became a worshipper of Warmaster Okawaru
  4806 | D:6      | Reached * piety under Okawaru
  5065 | D:6      | Noticed Edmund
  5088 | D:6      | Killed Edmund
  5280 | D:6      | Found a runed translucent door.
  5290 | D:6      | Noticed Bediveer's ghost (novice PaAK)
  5331 | D:6      | Reached skill level 1 in Maces & Flails
  5331 | D:6      | Reached XP level 9. HP: 64/82 MP: 8/8
  5763 | D:6      | Reached skill level 1 in Invocations
  5792 | D:6      | Found a stormy altar of Qazlal.
  5799 | D:6      | Reached skill level 1 in Long Blades
  5857 | D:6      | Found a sacrificial altar of Ru.
  6282 | D:7      | Found Oczizos's Lightly-Used Armoury.
  6310 | D:7      | Bought a -1 quick blade for 110 gold pieces
  6493 | D:7      | Reached skill level 1 in Short Blades
  6738 | D:7      | Reached ** piety under Okawaru
  7279 | D:7      | Found a shimmering blue altar of Sif Muna.
  7373 | D:8      | Killed from afar by a vampire

Illustrated notes

Levels and vault maps discovered:
D:1:      dpeg_arrival_pits, layout_rooms, basic_ecumenical_altar
D:2:      layout_loops_ring, serial_undead, serial_undead_b, serial_undead_a,
          serial_undead_d, serial_undead_c, serial_undead_a, serial_undead_e
D:3:      layout_basic, cheibriados_altar_1, amcnicky_altar_gilded,
          hangedman_decor_lopped
D:4:      layout_rooms, chequers_ossuary_entry_cave, ebering_ghost_sewer_f,
          serial_shops, nicolae_shop_waterfront, uniq_grinder,
          uniq_crazy_yiuf_cottage
D:5:      minmay_general_purpose_star, layout_rooms, nrook_mini_backslash,
          dk_noncrumbling_2, kennysheep_generic_room_12, uniq_duvessa
D:6:      corexii_shack_village, layout_gridville, nicolae_overflow_squiral,
          minmay_temple_entry_offerings, hellmonk_ghost_happy_afterlife,
          uniq_edmund
D:7:      layout_cave_pools, tgw_sif, minmay_shop_damaged
D:8:      layout_loops_ring, mainiacjoe_overflow_alcove_4,
          mainiacjoe_overflow_alcove_1, serial_shops, nicolae_diamond_shop,
          uniq_maurice
Temple:   compressed_dpeg_circular_temple

Skill      XL: |  1  2  3  4  5  6  7  8  9 |
---------------+----------------------------+-----
Fighting       | 3 4 5 6 8 9 |  9.2
Dodging        | 3 4 5 6 7 8 |  8.4
Bows           | 5 6 7 8 9 |  9.3
Maces & Flails | 1 |  1.1
Invocations    | 2 |  2.6
Long Blades    | 2 |  2.1
Short Blades   | 2 |  2.1
Stealth        | |  0.9

Action                   |  1- 3 |  4- 6 |  7- 9 || total
-------------------------+-------+-------+-------++-------
Melee: Shortbow          |       |       |     2 ||     2
       Flail             |       |       |    16 ||    16
       Headbutt          |       |       |    21 ||    21
       Quick blade       |       |       |    81 ||    81
       Falchion          |       |       |     9 ||     9
       Great sword       |       |       |     4 ||     4
       Punch             |       |       |     4 ||     4
 Fire: Shortbow          |    96 |    95 |   318 ||   509
Invok: Heroism           |       |       |     9 ||     9
Evoke: Wand              |       |     5 |     8 ||    13
  Use: Scroll            |       |     6 |     3 ||     9
       Potion            |       |       |    10 ||    10
Armor: Leather armour    |    20 |    21 |     6 ||    47
       Robe              |       |       |    52 ||    52
Dodge: Dodged            |    43 |    43 |   186 ||   272

Table legend: (Time is in decaauts)
 A = Elapsed time spent in this place.
 B = Non-inter-level travel time spent in this place.
 C = Inter-level travel time spent in this place.
 D = Time resting spent in this place.
 E = Time spent auto-exploring this place.
 F = Levels seen in this place.
 G = Mean time per level.
                   A        B        C        D        E       F      G
               +--------+--------+--------+--------+--------+-----+--------+
         Total |   7399 |   7147 |    252 |     23 |   5981 |   9 |  822.1 |
       Dungeon |   7356 |   7119 |    237 |     23 |   5965 |   8 |  919.5 |
        Temple |     42 |     27 |     15 |      0 |     16 |   1 |   42.0 |
               +--------+--------+--------+--------+--------+-----+--------+

Top non-repeatable levels by time:
     D:6: 1595 daAuts
     D:2: 1238 daAuts
     D:5: 1178 daAuts
     D:7: 1046 daAuts
     D:4: 1009 daAuts
     D:3: 758 daAuts
     D:1: 488 daAuts
  Temple: 42 daAuts
     D:8: 41 daAuts
